 Dungeon Crawl Stone Soup version 0.28-a0-850-g09de17f5b5 (webtiles) character file.

Game seed: 2868396711905370656

3137 Twinkles the Covert (level 9, -2/71 HPs)
             Began as a Vampire Berserker on Nov 14, 2021.
             Was a Priest of Trog.
             Killed from afar by a white imp (3 damage)
             ... with a puff of frost
             ... on level 7 of the Dungeon.
             The game lasted 00:28:46 (7121 turns).

Twinkles the Covert (Vampire Berserker)             Turns: 7121, Time: 00:28:47

Health: -2/71      AC: 16    Str: 24    XL:     9   Next: 61%
Magic:  9/9        EV: 13    Int: 10    God:    Trog [***...]
Gold:   241        SH:  0    Dex: 14    Spells: 8/8 levels left

rFire   + . .      SeeInvis +   a - +0 falchion
rCold   . . .      Faith    +   (no shield)
rNeg    . . .      Spirit   .   t - +0 plate armour {rF+}
rPois   .          Reflect  .   (no helmet)
rElec   .          Harm     .   c - +0 cloak
rCorr   .          Rampage  .   l - +0 pair of gloves
Will    ++...                   E - +2 pair of boots
Stlth   ..........              y - amulet of faith
HPRegen 1.41/turn               h - +4 ring of evasion
MPRegen 0.11/turn               r - +6 ring of strength

@: mighty, marked, strong-willed, on berserk cooldown, regenerating, slowed,
very slow
A: alive, fangs 3, see invisible, vampiric 2
a: Exsanguinate, Renounce Religion, Berserk, Trog's Hand


You were on level 7 of the Dungeon.
You worshipped Trog.
Trog was most pleased with you.
You visited 1 branch of the dungeon, and saw 10 of its levels.

You collected 241 gold pieces.

Inventory:

Hand Weapons
 a - a +0 falchion (weapon)
 b - a +0 dagger
Missiles
 f - 23 sling bullets
 s - 208 stones (quivered)
 u - 2 throwing nets
 v - 25 poisoned darts
 B - 7 boomerangs
Armour
 c - a +0 cloak (worn)
 i - +0 steam dragon scales
 l - a +0 pair of gloves (worn)
 t - a +0 plate armour of fire resistance (worn)
 E - a +2 pair of boots (worn)
Jewellery
 h - a +4 ring of evasion (left hand)
 o - a ring of ice
 p - a +6 ring of dexterity
 r - a +6 ring of strength (right hand)
 y - an amulet of faith (around neck)
Wands
 e - a wand of charming (12)
Scrolls
 d - a scroll of amnesia {unknown}
 g - a scroll of enchant armour {unknown}
 k - 2 scrolls of fog {unknown}
 m - a scroll of fear {unknown}
 x - a scroll of torment {unknown}
 z - 2 scrolls of teleportation {unknown}
 I - a scroll of vulnerability {unknown}
 X - 2 scrolls of magic mapping
 Z - 3 scrolls of identify
Potions
 j - 4 potions of heal wounds {unknown}
 n - a potion of magic {unknown}
 q - a potion of berserk rage {unknown}
 w - a potion of degeneration {unknown}
 A - 2 potions of invisibility {unknown}
 C - 2 potions of cancellation
 D - a potion of haste {unknown}
 H - a potion of mutation {unknown}
 J - 2 potions of curing
 L - a potion of flight
 M - a potion of might


   Skills:
 + Level 6.6 Fighting
 + Level 7.3 Long Blades
 + Level 2.3 Armour
 + Level 7.6 Dodging
 + Level 10.1 Stealth
 - Level 0.5 Shields


You had 8 spell levels left.
You didn't know any spells.
Your spell library was empty.

Dungeon Overview and Level Annotations

Branches:
Dungeon (10/15)            Temple (0/1) D:6
   Lair: D:8-11         Orc: D:9-12

Altars:
Nemelex Xobeh
Ru
Vehumet

Shops:
D:3 (   D:6 (


Innate Abilities, Weirdness & Mutations

Your natural rate of healing is accelerated.
You have razor-sharp teeth.
You have supernaturally acute eyesight. (SInv)
You are afflicted with vampirism and can become a bat while bloodless.


Message History

The white imp gestures at you. The puff of frost misses you.
The puff of frost hits the ice beast.
The ice beast completely resists.
You barely miss the ice beast.
The ice beast is almost dead.
The ice beast hits you.
* * * LOW HITPOINT WARNING * * *
The ice beast freezes you!
* * * LOW HITPOINT WARNING * * *
The white imp spits at you.
The white imp hits you but does no damage.
You hit the ice beast but do no damage.
You bite the ice beast, but do no damage.
The ice beast is almost dead.
The ice beast hits you.
* * * LOW HITPOINT WARNING * * *
The ice beast freezes you!
* * * LOW HITPOINT WARNING * * *
The white imp hits you but does no damage.
The ice beast hits you but does no damage.
The white imp completely misses you.
You hit the ice beast but do no damage.
The ice beast is almost dead.
The ice beast closely misses you.
The white imp hits you but does no damage.
You slash the ice beast!
You kill the ice beast!
Trog accepts your kill.
The white imp hits you but does no damage.
Okay, then.
Okay, then.
Okay, then.
Unknown command.
You feel very mighty all of a sudden. The white imp gestures at you.
The puff of frost hits you!
* * * LOW HITPOINT WARNING * * *
The white imp gestures at you. The puff of frost hits you.
You die...

.... #.............
##.#...#..##))...######.
..........<.)...######.
###........####......#...
.......### #......(.##
....[# ##.###....# #...#
###.........
#...####..##..........
#...)@5....#..........
##...####.#............
#....$# ...##.........
#.#.#.# ...............
...#.#)##..##.########..
...# #....[.# #. ###
.....##...#..### #
...#.......$...# #
...............#


You could see a white imp.

Vanquished Creatures
  A centaur zombie (D:6)
  A troll (D:9)
  2 yaks (D:9)
  A steam dragon (D:7)
  2 orc warriors (D:9)
  Duvessa (D:7)
  2 ice beasts
  A sky beast (D:7)
  A black bear (D:6)
  An ogre (D:5)
  A necrophage (D:4)
  2 centaurs
  A kobold brigand (D:7)
  A bullfrog (D:6)
  Dowan (D:7)
  A water moccasin skeleton (D:5)
  4 killer bees (D:7)
  4 wights (D:6)
  A bullfrog zombie (D:6)
  A hound (D:5)
  2 bullfrog skeletons
  A gnoll shaman (D:9)
  An orc priest (D:9)
  3 iguanas
  Jessica (D:3)
  2 orc wizards
  A hound skeleton (D:4)
  14 gnolls
  6 adders
  2 ufetubi
  An adder skeleton (D:4)
  2 worms (D:2)
  2 dart slugs
  14 orcs
  7 endoplasms
  5 giant cockroaches
  5 goblins
  9 hobgoblins
  5 jackals
  2 quokkas
  6 ball pythons
  5 bats
  3 frilled lizards
  6 kobolds
  A rat (D:2)
136 creatures vanquished.

Vanquished Creatures (others)
  An orc (D:7)
1 creature vanquished.

Grand Total: 137 creatures vanquished

Notes
Turn   | Place    | Note
-------+----------+-------------------------------------------
     0 | D:1      | Twinkles the Vampire Berserker began the quest for the Orb.
     0 | D:1      | Reached XP level 1. HP: 17/17 MP: 1/1
    94 | D:1      | Reached XP level 2. HP: 23/23 MP: 2/2
   445 | D:1      | Reached ** piety under Trog
   446 | D:1      | Reached skill level 1 in Stealth
   771 | D:1      | Gained mutation: You are afflicted with vampirism and can
                  | become a bat while bloodless. [Vampire growth]
   771 | D:1      | Reached XP level 3. HP: 25/28 MP: 3/3
   883 | D:2      | HP: 8/29 [poisoned by an adder]
   887 | D:2      | HP: 3/29 [poisoned by an adder]
   889 | D:2      | HP: 1/29 [poisoned by an adder]
  1025 | D:2      | Found a sacrificial altar of Ru.
  1124 | D:2      | Reached skill level 2 in Stealth
  1233 | D:2      | Reached XP level 4. HP: 20/35 MP: 4/4
  2114 | D:3      | Reached skill level 3 in Stealth
  2123 | D:3      | Reached XP level 5. HP: 27/41 MP: 5/5
  2269 | D:3      | Noticed Jessica
  2287 | D:3      | Killed Jessica
  2530 | D:3      | Found Wamyegg's Weapon Emporium.
  3409 | D:4      | Noticed a necrophage
  3418 | D:4      | Killed a necrophage
  3419 | D:4      | Reached skill level 4 in Stealth
  3419 | D:4      | Reached XP level 6. HP: 48/48 MP: 6/6
  3838 | D:5      | Entered Level 5 of the Dungeon
  3910 | D:5      | Found a radiant altar of Vehumet.
  3932 | D:5      | Reached skill level 5 in Stealth
  4010 | D:5      | Reached XP level 7. HP: 54/54 MP: 7/7
  4096 | D:5      | Reached *** piety under Trog
  4518 | D:6      | Reached skill level 5 in Long Blades
  4518 | D:6      | Reached skill level 5 in Dodging
  4518 | D:6      | Reached skill level 6 in Stealth
  4644 | D:6      | Reached skill level 5 in Fighting
  4644 | D:6      | Reached XP level 8. HP: 43/62 MP: 8/8
  4793 | D:6      | Found a staircase to the Ecumenical Temple.
  5030 | D:6      | Reached skill level 7 in Stealth
  5277 | D:6      | Found Jumokhloi's Weapon Boutique.
  5723 | D:6      | Reached skill level 8 in Stealth
  6178 | D:7      | HP: 25/96 [steam dragon] (8)]
  6186 | D:7      | Reached XP level 9. HP: 20/69 MP: 9/9
  6322 | D:7      | You fall into a shaft and drop 3 floors!
  6322 | D:10     | Entered Level 10 of the Dungeon
  6466 | D:9      | Noticed a troll
  6501 | D:9      | Killed a troll
  6502 | D:9      | Reached skill level 9 in Stealth
  6655 | D:9      | Found a sparkling altar of Nemelex Xobeh.
  7074 | D:7      | Noticed Duvessa
  7074 | D:7      | Noticed Dowan
  7097 | D:7      | Killed Duvessa
  7098 | D:7      | Reached skill level 10 in Stealth
  7104 | D:7      | Killed Dowan
  7116 | D:7      | HP: 17/71 [ice beast (11)]
  7117 | D:7      | HP: 8/71 [ice beast (10)]
  7118 | D:7      | HP: 2/71 [ice beast (7)]
  7121 | D:7      | Killed from afar by a white imp

Illustrated notes

Levels and vault maps discovered:
D:1:      evilmike_arrival_hilbert_curve, layout_basic
D:2:      layout_basic, basic_altar
D:3:      layout_loops_cross, serial_shops, nicolae_shop_stone, uniq_jessica
D:4:      layout_cave_pods, kennysheep_generic_room_6
D:5:      layout_cave_pools, lemuel_round_altar
D:6:      layout_gridville, minmay_temple_entry_water_ring, serial_shops, shop
D:7:      layout_rooms, solitary_fountain, minmay_misc_feat_diagonals,
          chequers_jeans, lemuel_flamethrower_2, uniq_duvessa
D:8:      layout_cave_pods, special_room [special_room_kobold], st_stairs_2
D:9:      layout_roguey, mainiacjoe_overflow_alcove_1,
          mainiacjoe_overflow_catch_the_wave, kennysheep_pointless_box
D:10:     layout_roguey, orc_0_dummy

Skill      XL: |  1  2  3  4  5  6  7  8  9 |
---------------+----------------------------+-----
Stealth        | 1 2 3 4 5 6 8 10 | 10.1
Fighting       | 3 4 5 6 |  6.6
Dodging        | 3 4 5 6 7 |  7.6
Long Blades    | 4 5 6 7 |  7.3
Armour         | 2 |  2.3
Shields        | |  0.5

Action                   |  1- 3 |  4- 6 |  7- 9 || total
-------------------------+-------+-------+-------++-------
Melee: Falchion          |   106 |   195 |   287 ||   588
       Bite              |    11 |    29 |    40 ||    80
       Dagger            |       |       |     1 ||     1
Throw: Stone             |       |       |     3 ||     3
Invok: Berserk           |     2 |     4 |     8 ||    14
       Trog's Hand       |     1 |     1 |     6 ||     8
  Use: Scroll            |       |     1 |     4 ||     5
       Potion            |       |       |     1 ||     1
 Stab: Sleeping          |     4 |     7 |     3 ||    14
       Distracted        |     1 |       |       ||     1
Armor: Animal skin       |    20 |     2 |       ||    22
       Ring mail         |       |    49 |    70 ||   119
       Plate armour      |       |       |    54 ||    54
       Steam dragon scal |       |       |     3 ||     3
Dodge: Dodged            |    67 |   177 |   311 ||   555

Table legend: (Time is in decaauts)
 A = Elapsed time spent in this place.
 B = Non-inter-level travel time spent in this place.
 C = Inter-level travel time spent in this place.
 D = Time resting spent in this place.
 E = Time spent auto-exploring this place.
 F = Levels seen in this place.
 G = Mean time per level.
                   A        B        C        D        E       F      G
               +--------+--------+--------+--------+--------+-----+--------+
         Total |   7267 |   6776 |    491 |   1134 |   3999 |  10 |  726.7 |
       Dungeon |   7267 |   6776 |    491 |   1134 |   3999 |  10 |  726.7 |
               +--------+--------+--------+--------+--------+-----+--------+

Top non-repeatable levels by time:
     D:6: 1494 daAuts
     D:1: 1035 daAuts
     D:4: 1006 daAuts
     D:2: 963 daAuts
     D:3: 919 daAuts
     D:9: 646 daAuts
     D:5: 643 daAuts
     D:7: 431 daAuts
     D:8: 82 daAuts
    D:10: 45 daAuts
